 Dungeon Sprint DCSS version 0.31-a0-8-gd14b0f4ee2 (webtiles) character file.

Game seed: 6287181400169752808

6372 Conn the Eclecticist (level 10, 0/56 HPs)
             Began as an Octopode Fire Elementalist on May 6, 2023.
             Was a High Priest of Sif Muna.
             Shot with an arrow by a centaur warrior (14 damage)
             ... in the Dungeon (Sprint I: "Red Sonja").
             The game lasted 00:17:12 (1703 turns).

Conn the Eclecticist (Octopode Fire Elementalist)   Turns: 1703, Time: 00:17:12

Health: 0/56       AC:  5    Str:  8    XL:     10   Next: 97%
Magic:  12/29      EV: 14    Int: 22    God:    Sif Muna [*****.]
Gold:   645        SH:  0    Dex: 12    Spells: 29/39 levels left

rFire   . . .        j - +2 dagger (drain)
rCold   . . .        (no shield)
rNeg    . . .        (helmet restricted)
rPois   .            (no amulet)
rElec   .            l - +4 ring of protection
rCorr   .            (no ring)
SInv    .            (no ring)
Will    .....        (no ring)
Stlth   +++          (no ring)
HPRegen 0.29/turn    (no ring)
MPRegen 0.21/turn    (no ring)
                     (no ring)

%: no teleportation
@: lethally poisoned (0 -> -1), slowed, very slow
A: almost no armour, amphibious, 8 rings, camouflage 1, gelatinous body 1,
(nimble swimmer 1), tentacles
a: Renounce Religion, Channel Magic, Forget Spell, Divine Exegesis


You were in the Dungeon.
You worshipped Sif Muna.
Sif Muna was extremely pleased with you.
You visited 1 branch You collected 1683 gold pieces.
You spent 1038 gold pieces at shops.

Inventory:

Hand Weapons
 g - a +1 dagger of pain
 j - a +2 dagger of draining (weapon)
Missiles
 k - 3 curare-tipped darts (quivered)
Jewellery
 l - a +4 ring of protection (left tentacle)
Wands
 e - a wand of flame (16)
Scrolls
 f - a scroll of enchant armour {unknown}
 h - a scroll of identify {unknown}
 i - a scroll of butterflies
 m - 2 scrolls of blinking
Potions
 a - 4 potions of magic
 b - 3 potions of curing
 d - a potion of haste


   Skills:
 + Level 0.7 Throwing
 + Level 5.0 Dodging
 - Level 2.6 Stealth
 + Level 15.4 Spellcasting
 * Level 11.0 Conjurations
 + Level 3.0 Hexes
 + Level 14.4 Fire Magic
 * Level 7.1 Invocations


You had 29 spell levels left.
You knew the following spells:

 Your Spells              Type           Power      Damage    Failure   Level
a - Foxfire               Conj/Fire      100%       2x1d9     1%          1
b - Scorch                Fire           100%       2d9       0%          2
c - Inner Flame           Hex/Fire       53%        N/A       1%          3
d - Flame Wave            Conj/Fire      64%        2d15      1%          4

Your spell library contained the following spells:

 Spells                   Type           Power      Damage    Failure   Level
 Volatile Blastmotes      Fire/Tloc      96%        2d18      1%          3


Dungeon Overview and Level Annotations

Branches:
Dungeon (1/1)

Altars:
Cheibriados
Dithmenos
Elyvilon
Fedhas
Gozag
Hepliaklqana
Kikubaaqudgha
Makhleb
Nemelex Xobeh
Okawaru
Qazlal
Ru
Sif Muna
Trog
Uskayaw
Vehumet
Wu Jian
Xom
Yredelemnul
Zin
The Shining One
Jiyva
Lugonu

Shops:
D ?[??[*[


Innate Abilities, Weirdness & Mutations

You cannot wear most types of armour.
You are amphibious.
You can wear up to eight rings at the same time.
Your skin changes colour to match your surroundings (Stealth+).
Your rubbery body absorbs attacks. (AC +1, EV +1)
((You are camouflaged when in or above water. (Stealth+)))
You have tentacles for arms and can constrict up to eight enemies at once.


Message History

The floor.
Unknown command.
Unknown command.
Casting: Scorch (safe; 0% risk of failure)
Confirm with . or Enter, or press ? or * to list all spells.
Casting: Flame Wave (safe; 1% risk of failure)
Press: ? - help, Dir - look around, f - activate A wave of flame ripples out!
The flame wave engulfs the hornet!
The hornet is moderately wounded. (Press . to intensify the flame waves.)
You feel very sick.
Your butterfly disappears in a burst of colours!
The hornet misses you. The hornet stings you!
* * * LOW HITPOINT WARNING * * *
You shrug off the repeated paralysis!
The hornet closely misses you. Really fire at your butterfly?
A wave of flame ripples out!
The flame wave engulfs the hornet!
The hornet is severely wounded.
The flame wave engulfs the centaur warrior.
The centaur warrior is burned terribly!
Flame seeps out of the centaur warrior.
The centaur warrior is severely wounded.
The flame wave engulfs your butterfly!!
You kill your butterfly!
Your butterfly disappears in a burst of colours!
You feel yourself speed up.
* * * LOW HITPOINT WARNING * * *
You feel sick. The hornet stings you.
* * * LOW HITPOINT WARNING * * *
You feel yourself slow down. The hornet closely misses you.
Okay, then.
Okay, then.
You feel much better.
You feel sick. The hornet closely misses you. The hornet barely misses you.
Okay, then.
Unknown command.
As you read the scroll of fear, it crumbles to dust.
You assume a fearsome visage.
The hornet looks frightened!
You feel sick.
The centaur warrior wields a +0 longbow.
The centaur warrior shoots an arrow.
The arrow hits you!
You die...

†#####'#####'#__####...+
.####..#..§#.####|§#####
.#__####..##.#~§§.§#$$#
.#_____##'#_.+§~§§.'§
⌠#_.∩...'..._#~§§.y#
##_..__##_.#'##c###
#_____###'#.#y)..###
##########.####'###.##
........'...'...@.'[∩#
#''''####...##########
......####.###
.......#.#'#.#
.#.....#....§#
.......#.)...#
....#..####### .......#
.#.....#


You could see a centaur warrior (combustible) and a hornet (fleeing).

Vanquished Creatures
  A centaur warrior (D)
  Sonja (D)
  A deep troll (D)
  8 shining eyes (D)
  2 kobold demonologists (D)
  A slime creature (D)
  Sigmund (D)
  A yak (D)
  5 floating eyes (D)
  An ogre (D)
  A jelly (D)
  Ijyb (D)
24 creatures vanquished.

Vanquished Creatures (others)
  2 ballistomycete spores (D)
  177 foxfires (D)
179 creatures vanquished.

Grand Total: 203 creatures vanquished

Notes
Turn   | Place    | Note
-------+----------+-------------------------------------------
     0 | D        | Conn the Octopode Fire Elementalist began the quest for the
                  | Orb.
     0 | D        | Reached XP level 1. HP: 11/11 MP: 3/3
     3 | D        | Noticed Ijyb
    11 | D        | Killed Ijyb
    12 | D        | Reached skill level 3 in Spellcasting
    12 | D        | Reached XP level 2. HP: 17/17 MP: 0/6
    12 | D        | Reached XP level 3. HP: 21/21 MP: 0/7
    65 | D        | Learned a level 2 spell: Scorch
    69 | D        | Learned a level 3 spell: Inner Flame
    75 | D        | Noticed an ogre
    82 | D        | Killed an ogre
    83 | D        | Reached skill level 5 in Spellcasting
    83 | D        | Reached XP level 4. HP: 27/27 MP: 0/11
   184 | D        | Learned a level 4 spell: Flame Wave
   186 | D        | Noticed Sigmund
   188 | D        | Killed Sigmund
   189 | D        | Reached skill level 7 in Spellcasting
   189 | D        | Reached XP level 5. HP: 19/31 MP: 5/14
   189 | D        | Reached XP level 6. HP: 23/36 MP: 5/16
   269 | D        | Found an ornate altar of the Wu Jian Council.
   269 | D        | Found a shimmering blue altar of Sif Muna.
   271 | D        | Found a radiant altar of Vehumet.
   275 | D        | Became a worshipper of Sif Muna the Loreminder
   278 | D        | Reached skill level 5 in Conjurations
   354 | D        | Found Axeegas's Magic Scroll Emporium.
   354 | D        | Found an ancient bone altar of Kikubaaqudgha.
   354 | D        | Found a hazy altar of Hepliaklqana.
   354 | D        | Found a stormy altar of Qazlal.
   354 | D        | Found a hide-covered altar of Uskayaw.
   354 | D        | Found a blossoming altar of Fedhas.
   354 | D        | Found a bloodstained altar of Trog.
   354 | D        | Found an iron altar of Okawaru.
   354 | D        | Found a basalt altar of Yredelemnul.
   354 | D        | Found a glowing golden altar of the Shining One.
   354 | D        | Found a snail-covered altar of Cheibriados.
   354 | D        | Found a sacrificial altar of Ru.
   354 | D        | Found a glowing silver altar of Zin.
   354 | D        | Found a shadowy altar of Dithmenos.
   354 | D        | Found a white marble altar of Elyvilon.
   354 | D        | Noticed a yak
   361 | D        | Killed a yak
   362 | D        | Reached skill level 8 in Spellcasting
   364 | D        | Found an opulent altar of Gozag.
   365 | D        | Found a sparkling altar of Nemelex Xobeh.
   369 | D        | Bought a scroll of butterflies for 52 gold pieces
   415 | D        | Noticed Sonja
   417 | D        | Killed Sonja
   417 | D        | Reached * piety under Sif Muna
   418 | D        | Reached skill level 10 in Spellcasting
   418 | D        | Reached skill level 10 in Fire Magic
   418 | D        | Reached XP level 7. HP: 41/41 MP: 12/21
   418 | D        | Reached XP level 8. HP: 46/46 MP: 12/22
   553 | D        | Found Myinyva Kaut's Magic Scroll Boutique.
   579 | D        | Noticed a deep troll
   588 | D        | Killed a deep troll
   589 | D        | Reached skill level 12 in Spellcasting
   602 | D        | Found Ageajo's Armour Emporium.
   651 | D        | Found a burning altar of Makhleb.
   651 | D        | Found a viscous altar of Jiyva.
   651 | D        | Found a shimmering altar of Xom.
   651 | D        | Found a corrupted altar of Lugonu.
   651 | D        | Noticed a slime creature
   657 | D        | Killed a slime creature
   658 | D        | Reached XP level 9. HP: 51/51 MP: 16/25
   728 | D        | Bought a scroll of acquirement for 676 gold pieces
   728 | D        | Acquired 828 gold pieces
   748 | D        | Noticed a kobold demonologist
   752 | D        | Noticed a kobold demonologist
   753 | D        | Reached ** piety under Sif Muna
   755 | D        | Noticed a red devil
   757 | D        | Killed a kobold demonologist
   758 | D        | Reached skill level 5 in Dodging
   761 | D        | Killed a kobold demonologist
   762 | D        | Reached skill level 13 in Spellcasting
   882 | D        | Noticed a shining eye
   882 | D        | Noticed a shining eye
   882 | D        | Noticed a shining eye
   890 | D        | Reached skill level 1 in Invocations
   895 | D        | Reached *** piety under Sif Muna
   906 | D        | Noticed a shining eye
   910 | D        | Killed a shining eye
   910 | D        | Noticed a shining eye
   911 | D        | Reached skill level 1 in Hexes
   911 | D        | Killed a shining eye
   912 | D        | Reached skill level 14 in Spellcasting
   912 | D        | Reached XP level 10. HP: 56/56 MP: 6/28
  1047 | D        | Killed a shining eye
  1047 | D        | Reached **** piety under Sif Muna
  1147 | D        | Noticed a shining eye
  1155 | D        | Killed a shining eye
  1156 | D        | Reached skill level 5 in Invocations
  1229 | D        | Killed a shining eye
  1295 | D        | Reached skill level 10 in Conjurations
  1303 | D        | Killed a shining eye
  1304 | D        | Reached skill level 15 in Spellcasting
  1358 | D        | Noticed a shining eye
  1358 | D        | Noticed a shining eye
  1490 | D        | Killed a shining eye
  1490 | D        | Reached ***** piety under Sif Muna
  1501 | D        | Killed a shining eye
  1509 | D        | Found Tyesoag's Armour Shoppe.
  1509 | D        | Found Moeth's Armour Shop.
  1509 | D        | Found Onaasade's Magic Scroll Emporium.
  1509 | D        | Found Soenacw's Assorted Antiques.
  1625 | D        | Bought 2 scrolls of blinking for 210 gold pieces
  1625 | D        | Bought a scroll of butterflies for 56 gold pieces
  1642 | D        | Bought a scroll of fear for 44 gold pieces
  1669 | D        | Noticed a centaur warrior
  1674 | D        | Killed a centaur warrior
  1675 | D        | Noticed a centaur warrior
  1696 | D        | Paralysed by a hornet for 2 turns
  1703 | D        | Shot with an arrow by a centaur warrior

Illustrated notes

Levels and vault maps discovered:
D:        dungeon_sprint_1 [red_sonja_temple_1, red_sonja_temple_small_1]

Skill      XL: |  1  2  3  4  5  6  7  8  9 10 |
---------------+-------------------------------+-----
Spellcasting   | 3 5 7 10 12 14 15 | 15.4
Conjurations   | 2 3 4 7 8 9 11 | 11.0
Fire Magic     | 4 6 8 10 11 13 14 | 14.4
Dodging        | 3 4 5 |  5.0
Invocations    | 3 7 |  7.1
Hexes          | 1 3 |  3.0
Throwing       | |  0.7
Stealth        | |  2.6

Action                     |  1- 3 |  4- 6 |  7- 9 | 10-12 || total
---------------------------+-------+-------+-------+-------++-------
  Melee: Unarmed           |     6 |       |       |       ||     6
         Tentacles         |     1 |       |       |       ||     1
  Throw: Dart              |       |       |     1 |     2 ||     3
   Cast: Foxfire           |     5 |     7 |    20 |    76 ||   108
         Scorch            |     2 |     8 |    14 |    15 ||    39
         Inner Flame       |       |       |     4 |     7 ||    11
         Flame Wave        |       |       |       |     3 ||     3
    Use: Potion            |     1 |       |       |     1 ||     2
         Scroll            |     1 |       |     1 |     2 ||     4
 Armour: Skin              |       |     1 |       |     1 ||     2
  Dodge: Dodged            |     1 |     1 |     1 |     5 ||     8

Table legend: (Time is in decaauts)
 A = Elapsed time spent in this place.
 B = Non-inter-level travel time spent in this place.
 C = Inter-level travel time spent in this place.
 D = Time resting spent in this place.
 E = Time spent auto-exploring this place.
 F = Levels seen in this place.
 G = Mean time per level.
                   A        B        C        D        E       F      G
               +--------+--------+--------+--------+--------+-----+--------+
         Total |   1712 |   1712 |      0 |    985 |      0 |   1 | 1712.0 |
       Dungeon |   1712 |   1712 |      0 |    985 |      0 |   1 | 1712.0 |
               +--------+--------+--------+--------+--------+-----+--------+

Top non-repeatable levels by time:
       D: 1712 daAuts
